 Dungeon Crawl Stone Soup version 0.27-a0-1548-gf8a67e7463 (webtiles) character file.

Game seed: 11538064883923241265

95 Lemonice the Covert (level 4, -3/41 HPs)
             Began as a Gnoll Delver on July 14, 2021.
             Slain by a water moccasin zombie (6 damage)
             ... on level 5 of the Dungeon.
             The game lasted 00:00:59 (627 turns).

Lemonice the Covert (Gnoll Delver)                   Turns: 627, Time: 00:00:59

Health: -3/41      AC:  3    Str: 12    XL:     4   Next: 65%
Magic:  5/5        EV: 13    Int:  9    God:
Gold:   0          SH:  0    Dex: 14    Spells: 5/5 levels left

rFire    + . .     SeeInvis .   a - +0 falchion
rCold    . . .     Faith    .   (no shield)
rNeg     . . .     Spirit   .   b - +0 leather armour
rPois    .         Reflect  .   (no helmet)
rElec    .         Harm     .   (no cloak)
rCorr    .         Rampage  .   (no gloves)
Will     .....                  (no boots)
Stlth    ++++......             (no amulet)
HPRegen  0.13/turn              h - ring of protection from fire
MPRegen  0.09/turn              (no ring)

@: hasted, very quick
A: fangs 1, strong nose, distributed training
a: no special abilities


You were on level 5 of the Dungeon.
You visited 1 branch of the dungeon, and saw 1 of its levels.

Inventory:

Hand Weapons
 a - a +0 falchion (weapon)
Armour
 b - a +0 leather armour (worn)
Jewellery
 h - a ring of protection from fire (left hand)
Wands
 g - a wand of digging (3)
Scrolls
 c - a scroll of fog
 d - a scroll of blinking {unknown}
 e - a scroll of fear


   Skills:
 + Level 6.6 Fighting
 + Level 1.2 Short Blades
 + Level 4.6 Long Blades
 + Level 1.2 Axes
 + Level 1.2 Maces & Flails
 + Level 1.2 Polearms
 + Level 1.2 Staves
 + Level 1.2 Slings
 + Level 1.2 Bows
 + Level 1.2 Crossbows
 + Level 1.2 Throwing
 + Level 1.2 Armour
 + Level 4.6 Dodging
 + Level 9.6 Stealth
 + Level 1.2 Shields
 + Level 1.2 Unarmed Combat
 + Level 1.2 Spellcasting
 + Level 1.0 Conjurations
 + Level 1.0 Hexes
 + Level 1.0 Summonings
 + Level 1.0 Necromancy
 + Level 1.0 Translocations
 + Level 1.0 Transmutations
 + Level 1.0 Fire Magic
 + Level 1.0 Ice Magic
 + Level 1.0 Air Magic
 + Level 1.0 Earth Magic
 + Level 1.0 Poison Magic
 + Level 1.3 Invocations
 + Level 1.2 Evocations


You had 5 spell levels left.
You didn't know any spells.
Your spell library was empty.

Dungeon Overview and Level Annotations

Branches:
Dungeon (5/15)
 Temple: D:4-7

Altars:


Innate Abilities, Weirdness & Mutations

You have very sharp teeth.
Your uncanny sense of smell can sniff out nearby items.
Your experience applies equally to all skills.


Message History

The water moccasin zombie closely misses you.
You slash the water moccasin zombie!
The water moccasin zombie is moderately damaged.
The water moccasin zombie closely misses you.
You riposte.
You hit the water moccasin zombie.
The water moccasin zombie is moderately damaged.
You closely miss the water moccasin zombie.
The water moccasin zombie is moderately damaged.
You hit the water moccasin zombie but do no damage.
Your bite misses the water moccasin zombie.
The water moccasin zombie is moderately damaged.
The water moccasin zombie bites you.
* * * LOW HITPOINT WARNING * * *
You hit the water moccasin zombie but do no damage.
The water moccasin zombie is moderately damaged.
The water moccasin zombie bites you but does no damage.
You slash the water moccasin zombie!
The water moccasin zombie is heavily damaged.
The water moccasin zombie closely misses you.
You completely miss the water moccasin zombie.
You bite the water moccasin zombie.
The water moccasin zombie is heavily damaged.
The water moccasin zombie bites you but does no damage.
You closely miss the water moccasin zombie.
The water moccasin zombie is heavily damaged.
The water moccasin zombie bites you but does no damage.
You closely miss the water moccasin zombie.
The water moccasin zombie is heavily damaged.
The water moccasin zombie barely misses you.
You hit the water moccasin zombie. You bite the water moccasin zombie.
The water moccasin zombie is severely damaged.
You closely miss the water moccasin zombie.
Your bite misses the water moccasin zombie.
The water moccasin zombie is severely damaged.
The water moccasin zombie bites you.
* * * LOW HITPOINT WARNING * * *
You hit the water moccasin zombie.
The water moccasin zombie is severely damaged.
The water moccasin zombie bites you.
You die...

#####........# *,,,,,
#...<........# *,^,,,
#............# *,,,,,
#............# *,,,,,
#............# *,,,,,
####รท############ *,,,,,
#........# #...# *****,,,,,
#........###.#.# *,,,,,,,,,
#............#@# *,,,,,,,**
#........#####Z# *,,,,,,,*
#........# #.# *,,,,,,,**
###........# #.# *,,,,,,,,,
#..........# #)# **###,,,,,,,,,
#..........# #.###....,,,,,,,,,
#..........# #.....###**,***,,,
#......#########........*,,,,*,,,
#......# #........###.*,,,,*,,,


You could see a water moccasin zombie.

Vanquished Creatures
  2 hounds (D:5)
  A bullfrog skeleton (D:5)
  2 orcs (D:5)
5 creatures vanquished.

Notes
Turn   | Place    | Note
-------+----------+-------------------------------------------
     0 | D:5      | Reached skill level 9 in Stealth
     0 | D:5      | Lemonice the Gnoll Delver began the quest for the Orb.
     0 | D:5      | Reached XP level 1. HP: 23/23 MP: 1/1
    41 | D:5      | Reached XP level 2. HP: 4/29 MP: 2/2
    41 | D:5      | Reached XP level 3. HP: 5/35 MP: 3/3
   326 | D:5      | Reached skill level 1 in Short Blades
   326 | D:5      | Reached skill level 1 in Axes
   326 | D:5      | Reached skill level 1 in Maces & Flails
   326 | D:5      | Reached skill level 1 in Polearms
   326 | D:5      | Reached skill level 1 in Staves
   326 | D:5      | Reached skill level 1 in Slings
   326 | D:5      | Reached skill level 1 in Bows
   326 | D:5      | Reached skill level 1 in Crossbows
   326 | D:5      | Reached skill level 1 in Throwing
   326 | D:5      | Reached skill level 1 in Armour
   326 | D:5      | Reached skill level 1 in Shields
   326 | D:5      | Reached skill level 1 in Unarmed Combat
   326 | D:5      | Reached skill level 1 in Spellcasting
   326 | D:5      | Reached skill level 1 in Invocations
   326 | D:5      | Reached skill level 1 in Evocations
   326 | D:5      | Reached XP level 4. HP: 25/41 MP: 3/5
   333 | D:5      | Reached skill level 1 in Conjurations
   333 | D:5      | Reached skill level 1 in Hexes
   333 | D:5      | Reached skill level 1 in Summonings
   333 | D:5      | Reached skill level 1 in Necromancy
   333 | D:5      | Reached skill level 1 in Translocations
   333 | D:5      | Reached skill level 1 in Transmutations
   333 | D:5      | Reached skill level 1 in Fire Magic
   333 | D:5      | Reached skill level 1 in Ice Magic
   333 | D:5      | Reached skill level 1 in Air Magic
   333 | D:5      | Reached skill level 1 in Earth Magic
   333 | D:5      | Reached skill level 1 in Poison Magic
   627 | D:5      | Slain by a water moccasin zombie

Illustrated notes

Levels and vault maps discovered:
D:5:      layout_basic, mainiacjoe_overflow_cross_hatched, dk_noncrumbling_2

Skill      XL: |  1  2  3  4 |
---------------+-------------+-----
Stealth        | |  9.6
Short Blades   | 1 |  1.2
Axes           | 1 |  1.2
Maces & Flails | 1 |  1.2
Polearms       | 1 |  1.2
Staves         | 1 |  1.2
Slings         | 1 |  1.2
Bows           | 1 |  1.2
Crossbows      | 1 |  1.2
Throwing       | 1 |  1.2
Armour         | 1 |  1.2
Shields        | 1 |  1.2
Unarmed Combat | 1 |  1.2
Spellcasting   | 1 |  1.2
Invocations    | 1 |  1.3
Evocations     | 1 |  1.2
Conjurations   | 1 |  1.0
Hexes          | 1 |  1.0
Summonings     | 1 |  1.0
Necromancy     | 1 |  1.0
Translocations | 1 |  1.0
Transmutations | 1 |  1.0
Fire Magic     | 1 |  1.0
Ice Magic      | 1 |  1.0
Air Magic      | 1 |  1.0
Earth Magic    | 1 |  1.0
Poison Magic   | 1 |  1.0
Fighting       | |  6.6
Long Blades    | |  4.6
Dodging        | |  4.6

Action                   |  1- 3 |  4- 6 || total
-------------------------+-------+-------++-------
Melee: Falchion          |    18 |    36 ||    54
       Bite              |     3 |     5 ||     8
  Use: Scroll            |     1 |       ||     1
       Potion            |       |     1 ||     1
Armor: Leather armour    |       |     6 ||     6
Dodge: Dodged            |    20 |    17 ||    37
       Rpst.: Falchion   |     6 |     4 ||    10

Table legend: (Time is in decaauts)
 A = Elapsed time spent in this place.
 B = Non-inter-level travel time spent in this place.
 C = Inter-level travel time spent in this place.
 D = Time resting spent in this place.
 E = Time spent auto-exploring this place.
 F = Levels seen in this place.
 G = Mean time per level.
                   A        B        C        D        E       F      G
               +--------+--------+--------+--------+--------+-----+--------+
         Total |    626 |    626 |      0 |      0 |    522 |   1 |  626.0 |
       Dungeon |    626 |    626 |      0 |      0 |    522 |   1 |  626.0 |
               +--------+--------+--------+--------+--------+-----+--------+

Top non-repeatable levels by time:
     D:5: 626 daAuts
